Map: Blackpink LE

Players

Pain - Winner!

  • Race: Protoss Protoss
  • Spawn Location: 7:00

A.I. 1 (Easy)

  • Race: Zerg Zerg
  • Spawn Location: 1:00

VOD

Have the link to the VOD?

Description

Time

  • Played on: March 14, 2018, 6:51 p.m.
  • Length: 15:24
Show
View Real Time Build Order
Export as new Build Order

Pain Protoss - Winner!

Build Orders:  

Get SALT Encoding   

  12  0:03  Probe  
  13  0:32  Probe  
  13  0:33  Pylon  
  14  0:43  Assimilator  
  14  0:44  Probe  
  15  0:54  Pylon  
  15  0:56  Probe  
  16  1:08  Gateway, Probe  
  17  1:20  Probe  
  18  1:28  Pylon  
  18  1:32  Probe  
  19  1:57  Cybernetics Core  
  19  2:17  Probe  
  20  2:30  Probe  
  20  2:39  Warp Gate (Chrono Boost)  
  20  2:42  Pylon, Probe  
  21  2:54  Probe  
  22  3:06  Probe, Shield Battery  
  23  3:14  Zealot, Assimilator  
  23  3:18  Probe  
  26  3:35  Nexus  
  26  3:41  Zealot  
  28  4:06  Pylon  
  28  4:09  Zealot  
  29  4:21  Probe  
  30  4:33  Probe  
  30  4:36  Zealot  
  33  4:42  Pylon  
  33  4:45  Probe, Pylon  
  34  4:58  Probe  
  35  5:03  Zealot  
  37  5:10  Forge, Probe  
  38  5:14  Probe  
  38  5:19  Assimilator  
  39  5:22  Probe  
  39  5:26  Probe  
  41  5:32  Gateway  
  41  5:33  Gateway  
  41  5:34  Probe  
  41  5:35  Gateway  
  42  5:38  Probe  
  43  5:50  Probe  
  44  6:03  Probe  
  43  6:15  Probe  
  44  6:21  Sentry  
  45  6:27  Probe  
  46  6:39  Probe  
  47  6:41  Probe  
  48  6:51  Probe  
  48  6:53  Probe  
  50  7:02  Protoss Ground Weapons Level 1  
  50  7:03  Probe  
  51  7:15  Probe  
  52  7:17  Shield Battery  
  52  7:33  Pylon  
  52  7:35  Pylon  
  52  7:54  Nexus  
  52  7:59  Stalker x2  
  52  8:00  Stalker x2  
  60  8:14  Pylon  
  60  8:17  Pylon  
  60  8:27  Pylon  
  60  8:48  Stalker x3  
  62  8:49  Stalker  
  62  8:51  Protoss Ground Armor Level 1 (Chrono Boost)  
  68  9:09  Assimilator  
  68  9:11  Probe  
  70  9:19  Stalker x4  
  78  9:34  Probe (Chrono Boost)  
  78  9:46  Probe (Chrono Boost)  
  79  9:55  Sentry, Probe (Chrono Boost)  
  82  10:00  Probe  
  77  10:12  Probe  
  76  10:35  Stalker x3  
  78  10:36  Stalker  
  84  10:46  Probe  
  84  10:49  Assimilator  
  85  10:58  Probe, Photon Cannon  
  85  11:00  Photon Cannon  
  86  11:10  Probe  
  87  11:13  Photon Cannon  
  87  11:22  Probe  
  87  11:23  Stalker x2  
  87  11:24  Stalker x2  
  96  11:34  Probe  
  97  11:46  Probe  
  98  11:50  Assimilator  
  98  11:58  Probe  
  99  12:11  Probe  
  100  12:19  Twilight Council  
  100  12:23  Probe  
  101  12:38  Photon Cannon  
  101  12:40  Photon Cannon  
  101  12:46  Robotics Facility  
  101  12:50  Probe  
  102  12:53  Protoss Ground Weapons Level 2  
  102  13:02  Probe  
  102  13:04  Blink (Chrono Boost)  
  103  13:14  Probe  
  104  13:24  Gateway  
  104  13:25  Gateway  
  104  13:26  Probe  
  104  13:27  Gateway  
  105  13:38  Probe  
  106  13:44  Nexus  
  106  13:46  Pylon  
  106  13:49  Pylon  
  106  14:07  Stalker x4  
  100  14:50  Stalker x2  
  100  14:51  Stalker x4  
Show
View Real Time Build Order
Export as new Build Order

A.I. 1 (Easy) Zerg 

Build Orders: Pool First 

Get SALT Encoding   

  12  0:00  Drone  
  13  0:12  Overlord  
  13  0:17  Drone  
  14  0:30  Drone  
  14  0:35  Drone  
  16  0:44  Spawning Pool, Drone  
  16  0:49  Extractor  
  15  0:51  Drone  
  16  0:58  Overlord  
  16  1:31  Queen, Zergling x2  
  19  1:33  Roach Warren  
  19  1:34  Extractor  
  19  1:36  Drone  
  18  1:42  Drone  
  18  1:44  Zergling x2  
  20  2:04  Overlord  
  20  2:12  Roach  
  22  2:18  Drone  
  23  2:24  Drone  
  24  2:35  Drone  
  25  2:38  Roach  
  25  2:39  Drone  
  25  2:44  Drone  
  29  2:48  Drone  
  30  2:57  Overlord  
  30  3:10  Roach  
  32  5:23  Overlord, Lair, Roach, Drone  
  32  5:27  Drone  
  36  5:31  Drone  
  37  5:35  Drone  
  38  6:06  Zergling x2  
  31  6:20  Overseer x2  
  31  6:24  Roach  
  31  6:25  Hydralisk Den  
  32  6:39  Hatchery  
  32  6:40  Drone  
  32  6:41  Roach  
  34  6:58  Roach  
  36  7:15  Hydralisk  
  38  7:32  Hydralisk  
  40  7:51  Drone  
  40  7:55  Drone  
  42  8:00  Drone  
  42  8:02  Extractor  
  42  8:04  Extractor, Drone  
  42  8:08  Drone  
  43  8:13  Drone  
  43  8:17  Drone  
  45  8:21  Drone  
  45  8:25  Drone  
  47  8:30  Drone  
  48  8:34  Drone  
  48  8:38  Drone  
  50  8:43  Drone  
  50  8:47  Drone  
  52  8:51  Drone  
  52  8:53  Overlord  
  53  8:56  Drone  
  53  9:00  Drone  
  55  9:05  Drone  
  55  9:09  Drone  
  57  9:13  Drone  
  58  9:17  Drone  
  58  9:22  Drone  
  58  9:23  Overlord  
  60  9:26  Drone  
  61  9:50  Overseer, Pneumatized Carapace  
  61  9:51  Hydralisk  
  63  9:53  Evolution Chamber  
  63  9:54  Drone  
  62  10:04  Zergling x2  
  51  10:17  Roach  
  51  10:20  Zerg Melee Weapons Level 1  
  53  10:29  Hydralisk  
  55  10:42  Hydralisk  
  57  10:55  Ravager  
  57  10:56  Roach  
  60  11:12  Hydralisk  
  55  11:26  Ravager  
  55  11:27  Zergling x2  
  55  11:30  Drone  
  50  11:34  Drone  
  50  11:38  Drone  
  41  11:42  Roach  
  41  11:43  Drone  
  41  11:47  Drone  
  41  11:51  Drone  
  42  11:56  Drone  
  43  12:04  Drone  
  44  12:09  Hydralisk, Drone  
  44  12:11  Overseer  
  44  12:14  Zerg Ground Armor Level 1, Drone  
  48  12:23  Overseer  
  48  12:24  Roach  
  48  12:29  Overseer  
  50  12:37  Overlord  
  50  12:55  Overlord, Drone  
  51  13:00  Drone  
  51  13:04  Drone  
  53  13:08  Drone  
  54  13:13  Drone  
  54  13:16  Overlord  
  54  13:18  Drone  
  56  13:22  Drone  
  57  13:40  Overlord, Roach  
  59  13:43  Spire  
  59  13:46  Roach  
  60  13:51  Roach  
  62  14:20  Zergling x2  
  58  14:26  Roach  
  60  14:32  Roach  
  60  14:38  Hydralisk  
  58  14:44  Roach  
  52  14:46  Hatchery  
  52  14:49  Hydralisk  
  44  14:56  Roach  
Tags
 
Matchup
PvZ
Opening
Pool First
Replay Pack
RP
Spawn Locations
Cross Positions
Add a new tag
Caveats
  • Supply blocks, unpowered buildings, or Contaminate may cause inaccurate times.
  • Supply counts are checked every 10 seconds.